 Dungeon Crawl Stone Soup version 0.23.0-3-gf3c87f2 (webtiles) character file.

Game seed: 5062165075483488848

18 suvakkihuora the Sneak (level 2, 0/16 HPs)
             Began as a Spriggan Monk on Feb 20, 2019.
             Slain by a quokka (5 damage)
             ... on level 2 of the Dungeon.
             The game lasted 00:01:25 (437 turns).

suvakkihuora the Sneak (Spriggan Monk)               Turns: 437, Time: 00:01:26

Health: 0/16       AC:  2    Str:  7    XL:     2   Next: 51%
Magic:  3/3        EV: 20    Int: 11    God:
Gold:   70         SH:  0    Dex: 18    Spells: 1/1 levels left

rFire    . . .     SeeInvis +   g - +0 dagger
rCold    . . .     Gourm    .   (shield restricted)
rNeg     . . .     Faith    .   b - +0 robe
rPois    .         Spirit   .   (helmet restricted)
rElec    .         Reflect  .   (no cloak)
rCorr    .         Harm     .   (gloves unavailable)
MR       .....                  (boots unavailable)
Stlth    +++.......             (no amulet)
HPRegen  0.05/turn              (no ring)
MPRegen  0.08/turn              (no ring)

@: very quick
A: very small, unfitting armour, see invisible, herbivore, speed 3, slow
metabolism 2
a: no special abilities


You were on level 2 of the Dungeon.
You were not hungry.

You visited 1 branch of the dungeon, and saw 2 of its levels.

You collected 70 gold pieces.

Inventory:

Hand Weapons
 g - a +0 dagger (weapon)
Armour
 b - a +0 robe (worn)
Scrolls
 a - a scroll of magic mapping {unknown}
 e - 2 scrolls of identify {unknown}
Potions
 d - 2 potions of lignification {unknown}
 f - a potion of heal wounds {unknown}
Comestibles
 c - 6 rations


   Skills:
 - Level 2.4 Fighting
 - Level 3.2 Short Blades
 - Level 4.4 Dodging
 + Level 5.0 Stealth


You had one spell level left.
You didn't know any spells.
Your spell library contained the following spells:

 Spells                   Type           Power        Failure   Level  Hunger
 Animate Skeleton         Necr           N/A          34%         1    ##.....
 Apportation              Tloc           #.....       34%         1    ##.....
 Confusing Touch          Hex            #.....       34%         1    ##.....
 Summon Small Mammal      Summ           #...         34%         1    ##.....


Dungeon Overview and Level Annotations

Branches:
Dungeon (2/15)

Altars:
Elyvilon
Wu Jian
The Shining One


Innate Abilities, Weirdness & Mutations

You are very small and have problems with some larger weapons.
You are too small for most types of armour.
You have supernaturally acute eyesight. (SInv)
You are a herbivore.
You cover ground extremely quickly.
You need to consume almost no food.


Message History

You hit the hobgoblin but do no damage.
The hobgoblin is heavily wounded.
The bat completely misses you. The hobgoblin closely misses you.
You hit the hobgoblin but do no damage.
The hobgoblin is heavily wounded.
The bat closely misses you. The bat completely misses you.
The bat hits you but does no damage. The hobgoblin barely misses you.
You closely miss the hobgoblin.
The hobgoblin is heavily wounded.
The bat closely misses you. The quokka bites you. The hobgoblin hits you.
You hit the quokka but do no damage. The bat closely misses you.
The quokka bites you. The hobgoblin misses you.
You miss the quokka. The bat closely misses you. The quokka closely misses you.
You closely miss the quokka. The quokka closely misses you.
The hobgoblin closely misses you. The bat completely misses you.
You hit the bat.
You kill the bat!
Your Stealth skill increases to level 5!
The quokka bites you.
You die...

#.# #... #.##..# # .#
.# #.#..###8#
#!####.# #...##≈≈_#
#....... #..##≈≈..#
........ #..#≈≈...##
........ #..'...._8#
##.......
##.#≈≈...####........
#.##≈≈..##@r..#
#..##≈≈_#g..#.#
##..###8#####.#
##..#### ##..#
##...####..##
##.......## #########


You could see a quokka and a hobgoblin.

Vanquished Creatures
  An adder (D:2)
  A leopard gecko (D:1)
  4 bats
  A goblin (D:1)
  A ball python (D:1)
  A frilled lizard (D:2)
9 creatures vanquished.

Notes
Turn   | Place    | Note
-------+----------+-------------------------------------------
     0 | D:1      | suvakkihuora the Spriggan Monk began the quest for the Orb.
     0 | D:1      | Reached XP level 1. HP: 11/11 MP: 2/2
     1 | D:1      | Noticed an electric eel
   265 | D:1      | Reached skill level 4 in Stealth
   299 | D:2      | Reached XP level 2. HP: 13/16 MP: 3/3
   401 | D:2      | Found a white marble altar of Elyvilon.
   401 | D:2      | Found a glowing golden altar of the Shining One.
   402 | D:2      | Found an ornate altar of the Wu Jian Council.
   437 | D:2      | Reached skill level 5 in Stealth
   437 | D:2      | Slain by a quokka

Skill      XL: |  1  2 |
---------------+-------+-----
Stealth        | 4 5 |  5.0
Fighting       | |  2.4
Short Blades   | |  3.2
Dodging        | |  4.4

Action                   || total
-------------------------++-------
Melee: Short sword       ||    19
       Dagger            ||    17
 Stab: Sleeping          ||     4
Armor: Robe              ||    10
Dodge: Dodged            ||    38
